 Dungeon Crawl Stone Soup version 0.27-a0-931-g5a74e75d8f (webtiles) character file.

Game seed: 16932393879392946025

152 Alarkh the Ruffian (level 5, 19/41 HPs)
             Began as a Demonspawn Gladiator on Apr 10, 2021.
             Got out of the dungeon alive.
             The game lasted 00:01:28 (2447 turns).

Alarkh the Ruffian (Demonspawn Gladiator)           Turns: 2447, Time: 00:01:29

Health: 19/41      AC:  4    Str: 15    XL:     5   Next: 11%
Magic:  5/5        EV: 12    Int: 10    God:
Gold:   52         SH:  0    Dex: 14    Spells: 4/4 levels left

rFire    . . .     SeeInvis .     - Unarmed
rCold    . . .     Faith    .   (no shield)
rNeg     . . .     Spirit   .   a - +0 leather armour
rPois    .         Reflect  .   b - +0 helmet
rElec    .         Harm     .   (no cloak)
rCorr    .         Rampage  .   (no gloves)
Will     .....                  (no boots)
Stlth    +.........             (no amulet)
HPRegen  0.13/turn              (no ring)
MPRegen  0.09/turn              (no ring)

@: no status effects
A: talons 1, spiny 1
a: no special abilities


You escaped.
You visited 1 branch of the dungeon, and saw 3 of its levels.

You collected 52 gold pieces.

Inventory:

Missiles
 c - 3 throwing nets (quivered)
Armour
 a - a +0 leather armour (worn)
 b - a +0 helmet (worn)
Jewellery
 m - a +4 ring of evasion
Wands
 p - a wand of polymorph (9)
Scrolls
 f - a scroll of acquirement {unknown}
 g - a scroll of fear {unknown}
 h - a scroll of teleportation {unknown}
 k - a scroll of immolation {unknown}
 l - a scroll of magic mapping {unknown}
 n - a scroll of identify {unknown}
 o - a scroll of torment {unknown}
Potions
 d - a potion of curing
 e - a potion of flight {unknown}
 i - a potion of degeneration {unknown}
 j - a potion of brilliance {unknown}


   Skills:
 + Level 3.4 Fighting
 - Level 1.7 Throwing
 - Level 2.6 Dodging
 * Level 4.6 Unarmed Combat


You had 4 spell levels left.
You didn't know any spells.
Your spell library was empty.

Dungeon Overview and Level Annotations

Branches:
Dungeon (3/15)

Altars:


Innate Abilities, Weirdness & Mutations

You have sharp toenails.
You are partially covered in sharp spines.


Message History

The necrophage hits you.
* * * LOW HITPOINT WARNING * * *
You punch the necrophage!
You destroy the necrophage!
Your life force feels restored.
Your Fighting skill increases to level 3!
You have reached level 5!
Your demonic ancestry asserts itself...
Your toenails lengthen and sharpen.
Unknown command.
As you open the door, it creaks loudly!
There is an open door here.
There is a shaft here.
There is an open door here.
You open the door.
There is an open door here.
There is a stone staircase leading up here.
You climb upwards.
There is a stone staircase leading down here.
Unknown command.
Unknown command.
Unknown command.
Unknown command.
Unknown command.
There is a stone staircase leading down here.
There is an escape hatch in the floor here.
There is an escape hatch in the ceiling here.
A mysterious force pulls you upwards. The hatch slams shut behind you.
Unknown command.
Unknown command.
Unknown command.
Unknown command.
Unknown command.
Unknown command.
There is an open gate here.
There is an open door here.
There is an open door here.
There is a staircase leading out of the dungeon here.
Are you sure you want to leave the Dungeon?
This will make you lose the game!
You have escaped!

....#
#......#..#.#.......#.
....#
#...#.....#.#######.#.
....#
##.......##...........
....# ###
####'#############...
....# ##..# ##8.8##
#..## #... #####
#....# ##'## #..≈.#
#...
#....####...####.≈≈.#
#... #####
#....#≈#.....#≈#.≈≈≈#
#... ....#
#....#.'.>@..'.#≈≈≈≈#
#... ###.#
#....#≈#.....#≈#.≈≈≈#
#... ..#.#
#....####...####.≈≈.#
#.#. #.#.# #....#
##'## #..≈.# #.#.
#.#.# ##..# #...#
#..## #.#. #.#.######
####### #########.#.
#.#.#...#
#.......##...........
#.#.#...#
#.........#.#######.#>
#.#.#...#
#.#.......#...........


There were no monsters in sight!

Vanquished Creatures
  A necrophage (D:3)
  A bullfrog skeleton (D:3)
  A worm (D:2)
  2 dart slugs (D:1)
  2 orcs (D:3)
  3 endoplasms
  2 goblins (D:2)
  3 hobgoblins
  2 quokkas (D:2)
  3 ball pythons (D:1)
  3 bats
  2 frilled lizards
  3 kobolds
  3 rats
31 creatures vanquished.

Notes
Turn   | Place    | Note
-------+----------+-------------------------------------------
     0 | D:1      | Alarkh the Demonspawn Gladiator began the quest for the
                  | Orb.
     0 | D:1      | Reached XP level 1. HP: 16/16 MP: 1/1
   467 | D:1      | Reached skill level 3 in Unarmed Combat
   764 | D:1      | Gained mutation: You are partially covered in sharp spines.
                  | [demonic ancestry]
   764 | D:1      | Reached XP level 2. HP: 15/22 MP: 2/2
  1257 | D:1      | Found a faded altar of an unknown god.
  1671 | D:2      | Reached XP level 3. HP: 26/28 MP: 3/3
  2180 | D:3      | Reached skill level 4 in Unarmed Combat
  2306 | D:3      | Reached XP level 4. HP: 23/34 MP: 4/4
  2318 | D:3      | Noticed a necrophage
  2325 | D:3      | HP: 1/32 [necrophage (2)]
  2333 | D:3      | Killed a necrophage
  2334 | D:3      | Gained mutation: You have sharp toenails. [demonic
                  | ancestry]
  2334 | D:3      | Reached XP level 5. HP: 5/41 MP: 5/5
  2447 | D:$      | Got out of the dungeon alive.

Illustrated notes

Levels and vault maps discovered:
D:1:      shiori_arrival_elements, layout_basic, ebering_ecumenical_altar_hall,
          chequers_serial_rivers_small_3
D:2:      layout_loops_ring
D:3:      layout_loops_corners

Skill      XL: |  1  2  3  4 |
---------------+-------------+-----
Unarmed Combat | 3 4 |  4.6
Fighting       | 3 |  3.4
Throwing       | |  1.7
Dodging        | |  2.6

Action                   |  1- 3 |  4- 6 || total
-------------------------+-------+-------++-------
Melee: Unarmed           |    86 |    13 ||    99
       Punch             |     1 |       ||     1
  Use: Potion            |       |     1 ||     1
 Stab: Sleeping          |     2 |       ||     2
Armor: Leather armour    |    16 |     4 ||    20
Dodge: Dodged            |    29 |     2 ||    31

Table legend: (Time is in decaauts)
 A = Elapsed time spent in this place.
 B = Non-inter-level travel time spent in this place.
 C = Inter-level travel time spent in this place.
 D = Time resting spent in this place.
 E = Time spent auto-exploring this place.
 F = Levels seen in this place.
 G = Mean time per level.
                   A        B        C        D        E       F      G
               +--------+--------+--------+--------+--------+-----+--------+
         Total |   2442 |   2285 |    157 |    302 |   1757 |   3 |  814.0 |
       Dungeon |   2442 |   2285 |    157 |    302 |   1757 |   3 |  814.0 |
               +--------+--------+--------+--------+--------+-----+--------+

Top non-repeatable levels by time:
     D:1: 1405 daAuts
     D:2: 656 daAuts
     D:3: 381 daAuts
